 Dungeon Crawl Stone Soup version 0.27.1-3-gb3d3a73c9e (webtiles) character file.

Game seed: 1333200374823245591

5748 vatarom the Scribe (level 10, -6/76 HPs)
             Began as a Demonspawn Ice Elementalist on Oct 7, 2021.
             Was a Priest of Sif Muna.
             Shot with an arrow by a centaur warrior (14 damage)
             ... on level 10 of the Dungeon.
             The game lasted 00:24:41 (10726 turns).

vatarom the Scribe (Demonspawn Ice Elementalist)   Turns: 10726, Time: 00:24:42

Health: -6/76      AC:  9    Str: 11    XL:     10   Next: 49%
Magic:  19/19      EV: 12    Int: 18    God:    Sif Muna [***...]
Gold:   403        SH:  0    Dex: 13    Spells: 10/21 levels left

rFire    . . .     SeeInvis .   m - +4 short sword (venom)
rCold    . . .     Faith    .   (no shield)
rNeg     . . .     Spirit   .   a - +0 robe
rPois    +         Reflect  .   (helmet unavailable)
rElec    .         Harm     .   x - +1 cloak
rCorr    +         Rampage  .   (no gloves)
Will     .....                  u - +0 pair of boots
Stlth    ++........             (no amulet)
HPRegen  0.22/turn              o - ring of poison resistance
MPRegen  0.16/turn              (no ring)

@: on berserk cooldown, slowed, very slow
A: horns 3, yellow scales 3, demonic guardian 2
a: Renounce Religion, Channel Magic, Forget Spell


You were on level 10 of the Dungeon.
You worshipped Sif Muna.
Sif Muna was most pleased with you.
You visited 2 branches of the dungeon, and saw 11 of its levels.

You collected 403 gold pieces.

Inventory:

Hand Weapons
 e - a +1 rapier of draining
 m - a +4 short sword of venom (weapon)
Missiles
 b - 2 curare-tipped darts
 h - 67 poisoned darts
 i - 10 datura-tipped darts
 C - 2 throwing nets {!f}
Armour
 a - a +0 robe (worn)
 u - a +0 pair of boots (worn)
 x - a +1 cloak (worn)
Jewellery
 n - a ring of positive energy
 o - a ring of poison resistance (left hand)
Wands
 f - a wand of acid (12) {@v2}
 q - a wand of flame (7)
 t - a wand of polymorph (10)
 w - a wand of iceblast (27) {@v4}
 z - a wand of charming (2)
Scrolls
 c - 2 scrolls of vulnerability
 g - 3 scrolls of enchant weapon
 k - a scroll of brand weapon
 p - a scroll of immolation
 r - 3 scrolls of noise
 y - a scroll of amnesia
 D - a scroll of magic mapping
Potions
 d - 2 potions of attraction
 l - 2 potions of degeneration
 s - 2 potions of flight
 v - 2 potions of brilliance {@q6}
 A - 2 potions of berserk rage


   Skills:
 + Level 6.1 Fighting
 * Level 4.8 Short Blades
 - Level 1.7 Dodging
 - Level 3.0 Stealth
 + Level 6.2 Spellcasting
 * Level 6.5 Conjurations
 + Level 7.1 Ice Magic
 - Level 8.4 Invocations
 + Level 0.5 Evocations


You had 10 spell levels left.
You knew the following spells:

 Your Spells              Type           Power      Damage    Failure   Level
a - Freeze                Ice            100%       1d11      1%          1
b - Frozen Ramparts       Ice            62%        1d8       1%          3
c - Hailstorm             Conj/Ice       30%        3d8       7%          4
o - Ozocubu's Armour      Ice            31%        N/A       1%          3

Your spell library contained the following spells:

 Spells                   Type           Power      Damage    Failure   Level
 Magic Dart               Conj           100%       1d8       1%          1
 Shock                    Conj/Air       68%        1d7       3%          1
 Summon Small Mammal      Summ           20%        N/A       12%         1
 Mephitic Cloud           Conj/Pois/Air  13%        N/A       14%         3
 Blink                    Tloc           N/A        N/A       19%         2
 Call Imp                 Summ           5%         N/A       19%         2
 Call Canine Familiar     Summ           5%         N/A       34%         3
 Summon Guardian Golem    Hex/Summ       5%         N/A       34%         3
 Swiftness                Air            5%         N/A       34%         3
 Airstrike                Air            2%         N/A       75%         4
 Passage of Golubria      Tloc           N/A        N/A       75%         4
 Manifold Assault         Tloc           5%         N/A       97%         5
 Silence                  Hex/Air        2%         N/A       97%         5
 Storm Form               Tmut/Air       2%         N/A       100%        7
 Lehudib's Crystal Spear  Conj/Erth      8%         10d4      100%        8


Dungeon Overview and Level Annotations

Branches:
Dungeon (10/15)            Temple (1/1) D:4
   Lair: D:8-11         Orc: D:9-12

Altars:
Ashenzari
Cheibriados
Dithmenos
Elyvilon
Fedhas
Gozag
Hepliaklqana
Kikubaaqudgha
Makhleb
Nemelex Xobeh
Qazlal
Ru
Sif Muna
Trog
Uskayaw
Vehumet
Wu Jian
Xom
Yredelemnul
Zin
The Shining One


Innate Abilities, Weirdness & Mutations

You have a pair of large horns on your head.
You are completely covered in yellow scales. (AC +4, rCorr)
A demonic guardian rushes to your aid.


Message History

It was a potion of heal wounds.
You feel much better.
The centaur warrior unwields a +0 shortbow.
The centaur warrior hits you! The centaur warrior kicks you.
The acid dragon spits acid at you. The splash of acid misses you.
The centaur warrior wields a +0 shortbow.
The centaur warrior shoots an arrow.
The arrow hits you!
Your ice devil hits the troll!
Your ice devil freezes the troll!
The troll dies!
The troll's corpse dissolves into shadows!
The shadow strikes at you from the darkness!
* * * LOW HITPOINT WARNING * * *
Reactivating autopickup.
The shadow hits you!
* * * LOW HITPOINT WARNING * * *
The centaur warrior unwields a +0 shortbow.
The centaur warrior hits something!
The centaur warrior kicks something.
The shadow barely misses you. The acid dragon bites you.
* * * LOW HITPOINT WARNING * * *
The acid dragon claws you but does no damage.
Okay, then.
Unknown command.
Really read the scroll of immolation?
Okay, then.
You are no longer corroded.
The shadow barely misses you. The acid dragon misses you.
The acid dragon barely misses you.
Your ice devil hits the acid dragon!
Your ice devil freezes the acid dragon!!
The acid dragon dies!
The acid dragon's corpse dissolves into shadows!
The shadow slips into darkness.
The shadow flickers and vanishes!
Deactivating autopickup; reactivate with Ctrl-A.
The centaur warrior hits you but does no damage.
The centaur warrior kicks you but does no damage.
Your ice devil disappears in a puff of smoke!
The centaur warrior wields a +0 shortbow.
The centaur warrior shoots an arrow.
The arrow hits you!
You die...

#...# #......................
#...# #......................
#...# #...###................
#...# #...# #................
#...# #...# #................
##...######...# #...####.4.......
..............# #...# #...######
..............###.c.####...####
................@.{ยง............
................................
................................
...............##....###...#####
...............##....# #...#
...............##....# #...#
.........##....# #...#
.......<.......# ...#


You could see a centaur warrior.

Vanquished Creatures
  Pikel (D:7)
  A troll (D:9)
  6 yaks (D:9)
  A wraith (D:9)
  A wyvern (D:9)
  Grum (D:8)
  Menkaure (D:5)
  A water moccasin (D:6)
  A sky beast (D:6)
  2 orc warriors (D:8)
  3 necrophages
  2 black bears
  4 wolves (D:8)
  3 ogres
  4 lemures (D:7)
  2 phantoms (D:6)
  A kobold brigand (D:8)
  2 bullfrogs
  4 scorpions
  A water moccasin skeleton (D:5)
  6 killer bees (D:9)
  3 howler monkeys
  A centaur zombie (D:9)
  7 orc priests
  2 hounds
  3 jellies
  A bullfrog skeleton (D:7)
  2 gnoll shamans
  Jessica (D:3)
  2 iguanas
  4 orc wizards
  A killer bee zombie (D:8)
  3 howler monkey zombies
  Robin (D:4)
  16 gnolls
  5 adders
  A howler monkey skeleton (D:7)
  2 shadow imps
  A white imp (D:8)
  2 dart slugs (D:3)
  37 orcs
  7 bats
  3 endoplasms
  6 giant cockroaches
  21 hobgoblins
  18 kobolds
  3 quokkas
  5 ball pythons
  3 frilled lizards
  13 goblins
  A quokka skeleton (D:4)
  6 rats
229 creatures vanquished.

Vanquished Creatures (collateral kills)
  A hornet (D:9)
  A phantom (D:6)
  A bullfrog skeleton (D:5)
  An orc (D:7)
4 creatures vanquished.

Vanquished Creatures (others)
  A wyvern (D:10)
  A centaur zombie (D:10)
2 creatures vanquished.

Grand Total: 235 creatures vanquished

Notes
Turn   | Place    | Note
-------+----------+-------------------------------------------
     0 | D:1      | vatarom the Demonspawn Ice Elementalist began the quest for
                  | the Orb.
     0 | D:1      | Reached XP level 1. HP: 13/13 MP: 3/3
   443 | D:1      | Gained mutation: A weak demonic guardian rushes to your
                  | aid. [demonic ancestry]
   443 | D:1      | Reached XP level 2. HP: 20/20 MP: 3/5
   856 | D:1      | Reached skill level 1 in Fighting
  1529 | D:2      | Gained mutation: You have a pair of small horns on your
                  | head. [demonic ancestry]
  1529 | D:2      | Reached XP level 3. HP: 22/26 MP: 1/6
  1638 | D:2      | Found a faded altar of an unknown god.
  1693 | D:2      | Learned a level 3 spell: Frozen Ramparts
  1795 | D:2      | Identified a scroll of acquirement
  1795 | D:2      | Acquired a +1 rapier of draining
  2194 | D:3      | Reached skill level 1 in Short Blades
  2194 | D:3      | Gained mutation: You are partially covered in yellow
                  | scales. (AC +2) [demonic ancestry]
  2194 | D:3      | Reached XP level 4. HP: 23/32 MP: 6/8
  2304 | D:3      | Found a shimmering blue altar of Sif Muna.
  2315 | D:3      | Became a worshipper of Sif Muna the Loreminder
  2518 | D:3      | Noticed Jessica
  2526 | D:3      | Killed Jessica
  2721 | D:4      | Noticed an ogre
  2721 | D:4      | Noticed a black bear
  2792 | D:4      | Noticed a scorpion
  2807 | D:4      | Gained mutation: You have a pair of horns on your head.
                  | [demonic ancestry]
  2807 | D:4      | Reached XP level 5. HP: 25/38 MP: 3/9
  2963 | D:4      | Found a staircase to the Ecumenical Temple.
  2978 | Temple   | Entered the Ecumenical Temple
  3188 | D:4      | Learned a level 3 spell: Ozocubu's Armour
  3198 | D:4      | Killed an ogre
  3199 | D:4      | Gained mutation: You are mostly covered in yellow scales.
                  | (AC +3) [demonic ancestry]
  3199 | D:4      | Reached XP level 6. HP: 46/46 MP: 10/10
  3453 | D:4      | Noticed Robin
  3466 | D:4      | Killed Robin
  3476 | D:4      | Reached * piety under Sif Muna
  3573 | D:4      | Found a bloodstained altar of Trog.
  3573 | D:4      | Found a blossoming altar of Fedhas.
  3866 | D:5      | Entered Level 5 of the Dungeon
  3921 | D:5      | Reached skill level 1 in Invocations
  3921 | D:5      | Gained mutation: You are completely covered in yellow
                  | scales. (AC +4, rCorr) [demonic ancestry]
  3921 | D:5      | Reached XP level 7. HP: 36/52 MP: 7/12
  4079 | D:5      | Reached skill level 5 in Ice Magic
  4149 | D:5      | Reached skill level 2 in Invocations
  4477 | D:5      | Reached ** piety under Sif Muna
  4605 | D:5      | Reached skill level 3 in Invocations
  4879 | D:5      | Reached skill level 4 in Invocations
  4888 | D:5      | Reached XP level 8. HP: 52/60 MP: 8/14
  4992 | D:5      | Learned a level 4 spell: Hailstorm
  5496 | D:5      | Noticed Menkaure
  5507 | D:5      | Killed Menkaure
  5508 | D:5      | Reached skill level 1 in Conjurations
  5508 | D:5      | Reached skill level 5 in Invocations
  6087 | D:6      | Reached skill level 6 in Invocations
  6552 | D:6      | Gained mutation: You have a pair of large horns on your
                  | head. [demonic ancestry]
  6552 | D:6      | Reached XP level 9. HP: 66/66 MP: 8/16
  6561 | D:6      | Reached skill level 5 in Spellcasting
  6664 | D:6      | Reached skill level 7 in Invocations
  7111 | D:7      | Noticed Pikel
  7154 | D:7      | Killed Pikel
  7155 | D:7      | Reached skill level 5 in Fighting
  7265 | D:7      | Reached *** piety under Sif Muna
  8001 | D:8      | Reached skill level 8 in Invocations
  8368 | D:8      | Reached skill level 5 in Conjurations
  8505 | D:8      | Found a sacrificial altar of Ru.
  8632 | D:8      | Identified the +1 cloak of Moseer {rC- Str+5}
  8685 | D:8      | Found a shadowy altar of Dithmenos.
  8982 | D:8      | Noticed Grum
  8990 | D:8      | Killed Grum
  9455 | D:9      | Noticed a troll
  9467 | D:9      | Killed a troll
  9468 | D:9      | Gained mutation: A demonic guardian rushes to your aid.
                  | [demonic ancestry]
  9468 | D:9      | Reached XP level 10. HP: 51/76 MP: 8/18
 10628 | D:10     | Entered Level 10 of the Dungeon
 10705 | D:10     | Noticed a centaur warrior
 10726 | D:10     | Shot with an arrow by a centaur warrior

Illustrated notes

Levels and vault maps discovered:
D:1:      evilmike_arrival_plus, layout_basic
D:2:      layout_loops_ring, hellmonk_ecumenical_altar_lost_god,
          minmay_fractal_squares_gapless_5
D:3:      layout_rooms, mainiacjoe_overflow_small_starburst, uniq_jessica
D:4:      layout_loops_cross, grunt_temple_overflow_open,
          minmay_temple_entry_drinking_statues, uniq_robin
D:5:      corexii_shantytown, layout_gridville, hangedman_glass_teeth,
          abandoned_shop, minmay_misc_feat_x, moated_statue,
          lightli_corner_chamber, uniq_menkaure
D:6:      layout_basic, mainiacjoe_overflow_surrounded_room
D:7:      layout_loops_ring, sigmund_army, uniq_pikel
D:8:      layout_basic, grunt_dithmenos_smoke,
          mainiacjoe_overflow_catch_the_wave, minivault_27,
          lemuel_another_geyser, uniq_grum
D:9:      layout_small_grid
D:10:     layout_small_grid, mainiacjoe_overflow_catwalk, bh_circular_ruins
Temple:   eino_temple_water

Skill      XL: |  1  2  3  4  5  6  7  8  9 10 |
---------------+-------------------------------+-----
Fighting       | 1 2 3 4 5 6 |  6.1
Stealth        | 2 3 |  3.0
Ice Magic      | 4 5 6 7 |  7.1
Short Blades   | 1 2 3 4 |  4.8
Spellcasting   | 3 4 5 6 |  6.2
Invocations    | 1 4 6 8 |  8.4
Conjurations   | 3 5 6 |  6.5
Dodging        | |  1.7
Evocations     | |  0.5

Action                   |  1- 3 |  4- 6 |  7- 9 | 10-12 || total
-------------------------+-------+-------+-------+-------++-------
Melee: Short sword       |    33 |    43 |   254 |    37 ||   367
       Whip              |     3 |       |       |       ||     3
       Rapier            |    18 |       |       |       ||    18
       Headbutt          |     1 |     6 |    37 |     5 ||    49
 Cast: Freeze            |    33 |    13 |    61 |     1 ||   108
       Frozen Ramparts   |       |     7 |    17 |     9 ||    33
       Ozocubu's Armour  |       |     1 |    18 |     4 ||    23
       Hailstorm         |       |       |     7 |    10 ||    17
Invok: Channel Magic     |       |       |       |     1 ||     1
Evoke: Wand              |       |     6 |     9 |     6 ||    21
  Use: Scroll            |     4 |     2 |     9 |     2 ||    17
       Potion            |     1 |     3 |     4 |     2 ||    10
 Stab: Sleeping          |     6 |     3 |     5 |       ||    14
       Distracted        |       |       |     1 |       ||     1
Armor: Robe              |    27 |    24 |   105 |    25 ||   181
Dodge: Dodged            |    59 |    33 |   182 |    36 ||   310
